[Event "44th Chess Olympiad Open 2022"]
[Site "Chennai"]
[Date "2022.07.30"]
[Round "2.25"]
[White "Mastrovasilis, Athanasios"]
[Black "Makolli, Perparim"]
[Result "1-0"]
[WhiteElo "2527"]
[BlackElo "2247"]
[Annotator "TA"]
[PlyCount "95"]
[EventDate "2022.??.??"]
[TimeControl "60"]

1. d4 d5 2. c4 dxc4 3. e4 Nf6 4. e5 Nd5 5. Bxc4 Nb6 6. Bd3 Nc6 7. Ne2 Bg4 8. f3 Be6 9. Nbc3 Qd7 {[%emt 0:04:55] 9...Bc4 is vanishing.} (9... Nxd4 $2 10. Nxd4 Qd7
11. Nxe6 Qxe6 12. Qe2 $18) 10. Ne4 {[%emt 0:09:31] D20: Queen's Gambit
Accepted: 3 e3 and 3 e4.} Bd5 (10... Nxd4 $2 11. Nxd4 c6 12.
Be3 $18) 11. Nc5 Qc8 12. a3 {[%emt 0:00:00]
White is slightly better.} e6 13. Qc2 Nd7 (13... Qd8 $14) 14. Ne4 $16 a5 15. N4c3 {[%emt 0:02:52] [#]} Nb6 $146 ({
Predecessor:} 15... Ne7 16. Nf4 Nb6 17. Nfxd5 Nexd5 18. f4 g6 19. O-O Qd7 20.
Kh1 h5 21. Bd2 Be7 {0-1 (85) Kantor,G (2530)-Borhy,M (2358) Balatonlelle 2020})
16. Nxd5 Nxd5 17. Bb5 Qd7 18. Bd2 Be7 19. Rc1 O-O 20. O-O Rfb8 21.
Qe4 Bf8 22. Bg5 $40 {[%emt 0:04:43] White
mounts an attack.} Qc8 (22... Be7 $14 23. Bd2 f5) 23. h4 Be7 24. Bd3 g6 25. Bd2 Qd7 26. Bb5 Bf8 27. Rfd1 Qd8 28. h5 Nce7 29. hxg6 {[%emt 0:01:35] 0x0.
0019eb866906dp-1022s more active pieces.} fxg6 (29... Nxg6 $16
{keeps fighting.} 30. g3 c6) 30. Bg5 c6 31.
Bc4 Qd7 32. Ba2 Bg7 33. Qg4 Nf5 {[%emt 0:01:20] [#]} 34. Nc3 ({Better is} 34. Qh3 $1 $16) 34... Re8 35. Kf2
{[%emt 0:01:27] Against Nfe3} Qf7 36. Ne4 (
36. Qe4 $16) 36... Rf8 (36... h6 $11) 37. Bxd5 ({White should play} 37. Qh3 $16) 37... cxd5 38. Nf6+ Bxf6 39. Bxf6 Rfc8 40. Qf4 Ng7 41. g4 Ne8 42. Kg3 Qd7 43. Bg5 Qf7 {[%emt 0:00:00] [#]} 44. Qd2 $1 b6 45. Bh6 Ng7 (45... Qd7 $16
46. Rh1 (46. Qf4 Qe7 $16) 46... Rc4) 46. Rc3 $18 Qd7 47. Rdc1 {[%emt 0:00:00] Strongly threatening Rxc8+.} Ne8 $2 (47... Rxc3 48. Qxc3 (48. Rxc3 Ne8 $18) 48... Ra7) 48. Qf4 {[%emt 0:00:
00] Weighted Error Value: White=0.10 (very precise) /Black=0.27 (precise)} 1-0

[Event "44th Chess Olympiad Open 2022"]
[Site "Chennai"]
[Date "2022.07.30"]
[Round "2.25"]
[White "Saraci, Korab"]
[Black "Theodorou, Nikolas"]
[Result "0-1"]
[WhiteElo "2287"]
[BlackElo "2575"]
[Annotator "ChessBase"]
[PlyCount "76"]
[EventDate "2022.??.??"]
[TimeControl "60"]

1. e4 c5 2. c3 e5 3. Nf3 Nc6 4. Be2 Nf6 5. d3 d5 6. Qc2 Be7 7. O-O O-O 8. Re1 d4 9. Nbd2 Be6 10. Nf1 Nd7 11. Ng3 g6 12. Qd2 f6 13. h4 Rf7 14. h5 Nf8 15. Nh2 Qd7 16. c4 f5 17. exf5 gxf5 18. Bf3 Bf6 19. Qe2 Kh8 20. h6 Ng6 21. Nh5 Rg8 22. Nxf6 Rxf6 23. Bg5 Rf7 24. Bh5 e4 25. b3 Nge5 26. dxe4 Rxg5 27. Bxf7 Nxf7 28. exf5 Bxf5 29. Nf3 Rg8 30. Nh4 Bg4 31. Qd2 Qd8 32. Qf4 Qxh4 33. Qxf7 Bh5 34. Qxb7 Qf6 35. Qc7 Bf3 36. Qh2 Bxg2 37. f4 d3 38. Kf2 Qb2+ 0-1

[Event "44th Chess Olympiad Open 2022"]
[Site "Chennai"]
[Date "2022.07.30"]
[Round "2.25"]
[White "Asllani, Muhamet"]
[Black "Ioannidis, Evgenios"]
[Result "0-1"]
[WhiteElo "2235"]
[BlackElo "2459"]
[Annotator "TA"]
[PlyCount "78"]
[EventDate "2022.??.??"]
[TimeControl "60"]

1.
e4 e5 2. Nf3 Nc6 3. d4 exd4 4. Bc4 Nf6 5. O-O Nxe4 6. Re1 d5 7. Bxd5 Qxd5 8. Nc3 $1 {[%emt 0:00:07] [#] Deflection} Qd7 {[%emt 0:00:35] C56: Two
Knights: 4 d4 exd4 5 0-0 Nxe4.} 9. Rxe4+ (9. Nxe4 Be7) 9...
Be7 10. Nxd4 f5 $1 {[%emt 0:00:54] Black has
an edge.} 11. Rf4 ({Much worse is} 11. Qh5+ g6 12. Nxc6 bxc6
13. Rxe7+ Qxe7 $17) 11... O-O 12. Nxc6 Qxc6 13. Qd5+ {[%emt 0:10:31] [#]} Qe6 $146 ({
Predecessor:} 13... Qxd5 14. Nxd5 Bd6 15. Rd4 Be5 16. Rd1 f4 17. f3 Bd6 18. Bd2
Bf5 19. Bb4 c5 {0-1 (78) Espinosa Veloz,E (2485)-Salinas Herrera,P (2514)
Chess.com INT 2021}) 14. Rf3 c6 15. Qxe6+ Bxe6 16. Bf4 Kf7 17. Be5 Rad8 18. Re1 g6 19. Rd3 {[%emt 0:20:54] Against Rd2} Rxd3 20. cxd3 Rd8 21. Rd1 b5 22. b3 {[%emt 0:01:56] 
[#]} a5 $1 23. Ne2 {[%emt 0:04:46] [#]} a4
$1 24. Nd4 Bd5 25. Rc1 axb3 26. axb3 b4 {[%emt 0:00:
45] Strongly threatening ...c5.} 27. Rb1 c5 28. Ne2 Bc6 {[%emt 0:00:00] A strong pair of Bishops.} 29. Rd1 Bb5 30. Nc1 c4 31. bxc4 Bxc4 {[%emt 0:00:07] Pin} 32. Kf1 {[%emt 0:01:
47] [#]} b3 $1 33. Bb2 {[%emt 0:02:23] [#]} Bb4 $1 34. f3 {[%emt 0:04:09] [#]} (34. Kg1 Bb5) 34... g5 $1 35. Kf2 Bd5 ({Black should
play} 35... f4 $19 36. g3 Bb5) 36. Ne2 $17 Ra8 37. Nc3 $2 (37. Rb1 $17 {might work better.}) 37... Bxc3 $19 38. Bxc3 Ra2+ 39. Bd2 $2 (39. Ke3 {was the only defense.}) 39... Rc2 {[%emt 0:00:22]
Weighted Error Value: White=0.24 (precise) /Black=0.08 (flawless)} 0-1

[Event "44th Chess Olympiad Open 2022"]
[Site "Chennai"]
[Date "2022.07.30"]
[Round "2.26"]
[White "Moroni, Luca Jr"]
[Black "Palomo, Franklin Annervys"]
[Result "1-0"]
[WhiteElo "2584"]
[BlackElo "2324"]
[Annotator "ChessBase"]
[PlyCount "81"]
[EventDate "2022.??.??"]
[TimeControl "60"]

1. d4 Nf6 2. c4 g6 3. Nc3 Bg7 4. e4 d6 5. Bd3 e5 6. d5 a5 7. Nge2 Na6 8. O-O O-O 9. f3 Nc5 10. Bc2 Nfd7 11. Be3 f5 12. exf5 gxf5 13. f4 e4 14. Nd4 Nf6 15. h3 Bd7 16. a3 a4 17. Rb1 Rf7 18. Ndb5 b6 19. Rf2 Re7 20. Rd2 Ra5 21. Nxa4 Bxb5 22. cxb5 Nxa4 23. Bxa4 Qa8 24. Bc2 Rxb5 25. Ba4 Ra5 26. Bc6 Qf8 27. a4 Nd7 28. b4 Ra6 29. Qe2 Nb8 30. Bb5 Ra8 31. Ra2 Bc3 32. Qc4 Qg7 33. Rc1 Bf6 34. a5 Qg3 35. Qe2 Rg7 36. Kh1 h6 37. Qf2 Bh4 38. Qxg3 Bxg3 39. Ra4 Kh7 40. axb6 Rxa4 41. bxc7 1-0

[Event "44th Chess Olympiad Open 2022"]
[Site "Chennai"]
[Date "2022.07.30"]
[Round "2.26"]
[White "Brunello, Sabino"]
[Black "Escalona Landi, Samid Eduardo"]
[Result "1/2-1/2"]
[WhiteElo "2520"]
[BlackElo "2191"]
[Annotator "TA"]
[PlyCount "118"]
[EventDate "2022.??.??"]
[TimeControl "60"]

1. d4 Nf6 2. c4 g6 3. Nc3 Bg7 4. e4 d6 5. Nf3 O-O 6. Be2 Nbd7 7. O-O e5 8.
Be3 Ng4 9. Bg5 f6 10. Bc1 Nh6 11. dxe5 dxe5 {[%emt 0:00:00] E94: King's Indian: Classical: 6 Be2 e5 7 0-0: Various
Black 7th moves.} 12. Be3 Ng4 13. Bd2 f5 {[%emt 0:00:00] White is slightly better.} 14. exf5 gxf5 15. Ng5 Nc5 {[%emt 0:00:
00][%cal Yd7c5,Yc5e6,Ye6f4] Against Ne6} 16. Bxg4 fxg4 {
[%emt 0:00:20] [#]} 17. Be3 $1 {[%emt 0:00:13] [#] Strongly threatening Qxd8.}
Ne6 $146 ({Predecessor:} 17... Qxd1 18. Rfxd1 Na6 19. Nd5 Re8
20. Ne4 Kf7 21. Nc5 Nxc5 22. Bxc5 Bf8 23. Bxf8 Rxf8 24. Nxc7 Rb8 25. b3 Bf5 {
1-0 (54) Pavlov,O (2282)-Eremeenko,V (2024) Russia 2007}) 18. Qxg4 {[%emt 0:10:
14] White is more active.} Nf4 19. Qg3 $40 {[%emt 0:00:09]
White goes for the king.} (19. Qh4 h6 20. Nf3 Qxh4 21. Nxh4 Be6 $11) 19... Rf5 (19... h6 $16) 20. Nge4 $18 Be6 21. b3 Qe7 22. Rad1 (
22. Bc5 Qf7 23. f3 Kh8) 22... Kh8 23. f3 Bh6 24. Qf2 Qg7 25. Ng3 {
[%emt 0:01:38] And now Bxf4 would win. Pair of Knights!} Rg5 (
25... Rff8 $142 26. Bxf4 (26. Bxa7 b6 $15) 26... exf4) 26. Nce4 Rg6 27. Rfe1 Rg8 28. Kh1 (28. Bxa7 {[#]} Bh3 $1 29. Be3 Nxg2 30. Bxh6 Qxh6 $17) 28...
Qe7 29. Nc5 ({But not} 29. Bxa7 $6 b6) 29...
Bc8 30. Nd3 Nxd3 31. Rxd3 Qh4 32. Ne4 (32.
Kg1 $18) 32... Qxf2 $16 {[%emt 0:00:35] Remove Defender} 33. Bxf2 Rxg2 34. Bg3 Rxa2 35.
Nc3 $2 (35. Bxe5+ $18 Bg7 36. Bxg7+ (36. Bxc7 Bf5 $14) 36...
Rxg7 37. Nf6) 35... Bf5 $11 {[%emt 0:00:29] The position is equal.} 36. Bxe5+ Bg7 37. Bxg7+ Kxg7 38. Rd5 Rc2 39. Rxf5 Rxc3 {[%emt 0:00:05] Endgame KRR-KRR} 40. Re7+ Kh8 {[%emt 0:
00:31] ( -> ... Rc1+)} 41. h4 Rc1+ 42. Kh2 {
[%emt 0:00:03] Threatens to win with Rff7.} Rcg1 43. Rg5 R8xg5 44. hxg5 {[%emt 0:00:08] KR-KR} Rb1 45. Rxc7 Rxb3 46. Kg3 a5 47. c5 a4 48. Kg4 a3 {[%emt 0:00:00] ...Rb4+
is the strong threat.} 49. Rc8+ Kg7 {[%emt 0:00:00] White
must now prevent ...Rb4+.} 50. Ra8 h6 51. f4 hxg5 52. Kxg5 Rb5 53. Rxa3 Rxc5+ 54. f5 Rc1 55. Rb3 Rg1+ 56. Kf4 Rf1+ 57. Ke5 Re1+ 58. Kd6 Kf6 59. Rxb7 Kxf5 {[%emt 0:00:00] White really could win this. Weighted Error Value:
White=0.11 (very precise) /Black=0.08 (flawless)} 1/2-1/2

[Event "44th Chess Olympiad Open 2022"]
[Site "Chennai"]
[Date "2022.07.30"]
[Round "2.26"]
[White "Rohl Montes, Juan Armando"]
[Black "Vocaturo, Daniele"]
[Result "0-1"]
[WhiteElo "2382"]
[BlackElo "2616"]
[Annotator "RC"]
[PlyCount "109"]
[EventDate "2022.??.??"]
[TimeControl "60"]

1. e4 c6 2. d4 d5 3. Nd2 dxe4 4. Nxe4 Nf6 5. Nxf6+ exf6 6. Be3 Nd7 7. Bd3 f5 8. Ne2 Nf6 9. h3 Bd6 10. O-O O-O 11. c4 Re8 12. Qc2 Ne4 13.
Rae1 g6 14. Qc1 Be6 15. b3 Rc8 16. Bf4 Bxf4 17. Qxf4 Nf6 18. Rd1 Rc7 19. Rd2 Nh5 20. Qf3 Qg5 21. Rc2 Rce7 22. Kh2 Bd7 23.
Rd1 Qf6 24. Rcd2 a5 25. Bc2 Qd6+ 26. Kg1 Nf6 27. Qf4 Qxf4 28. Nxf4 g5 29. Nd3 Ne4 30. Re2 Nc3 31. Rxe7 Rxe7 32. Rd2 Re2 33. Rxe2 Nxe2+ 34. Kf1 Nxd4 35. Nc5 Bc8 36. Bd3 f4 37. Ke1 Kg7 38. Ne4 Bf5 39. Nc5 b6 40. Bxf5 bxc5 41. Bd3 h6 42. Kd2 Kf6 43. Kc3 Ke5 44. a3 f6 45. Bg6 f5 46. Bh5 Ke4 47. b4 axb4+ 48.
axb4 cxb4+ 49. Kxb4 f3 50. gxf3+ Nxf3 51. Be8 Ne5 52. Kc5 Kf3 53. Bxc6+ Kxf2 54. Bd5 g4 55. Kd4 0-1

[Event "44th Chess Olympiad Open 2022"]
[Site "Chennai"]
[Date "2022.07.30"]
[Round "2.26"]
[White "Castro Torres, Jose Luis"]
[Black "Sonis, Francesco"]
[Result "0-1"]
[WhiteElo "2326"]
[BlackElo "2543"]
[Annotator "TA"]
[PlyCount "70"]
[EventDate "2022.??.??"]
[TimeControl "60"]

1. e4 c5 2. Nf3 d6 3. d4 cxd4 4. Nxd4 Nf6 5. Nc3 a6 6. Be3 e5 7. Nb3 Be7 8. h3 {[%emt 0:00:05] B90: Sicilian Najdorf: Unusual White 6th
moves, 6 Be3 Ng4 and 6 Be3 e5.} Be6 9. Qf3 Nbd7 10. O-O-O {[%emt 0:11:57] The position is equal.} Rc8 11. Nd5 Bxd5 12.
exd5 O-O 13. g4 Qc7 14. c3 {[%emt 0:26:10] [#]} e4 $146 ({Predecessor:} 14... Nb6 15. g5 e4 16. Bxb6 Qxb6 17. Qe2 Nd7
18. h4 Ne5 19. Bh3 Nd3+ 20. Rxd3 exd3 21. Qxd3 {0-1 (48) Mikhalevski,V (2562)
-Zvjaginsev,V (2599) Warsaw 2021}) 15. Qg2 {[%emt 0:02:36] g5 is the strong
threat.} Nb6 16. Bxb6 Qxb6 17. g5 Nd7 18. Qxe4 (18. Rg1
$14) 18... Bxg5+ $11 19. Kb1 Bf6 (19... Qxf2 $2 20. Qg4 $18) 20. Bd3 g6 21. h4 {[%emt 0:02:11] [#]} Nc5 $1 (21...
Qxf2 $6 22. h5 Rce8 23. Qb4 $11) 22. Qf3 {[%emt 0:02:48] [#]} (22. Qc4 $17)
22... Bxc3 $1 $19 23. Bxg6 (23. h5 Bg7) 23...
fxg6 24. Qxc3 Nxb3 ({
Stronger than} 24... Rxf2 25. h5 Qc7 26. Nxc5 (26. hxg6 Na4 $11) 26... Qxc5 27.
hxg6 $11) 25. Qxb3 Qxb3 ({Worse is} 25...
Qxf2 26. h5 g5 27. h6 $17) 26. axb3 Rxf2 {[%emt 0:00:07]
Endgame KRR-KRR} 27. h5 (27. Rhe1 {was called for.}) 27...
Rcc2 28. hxg6 Rxb2+ 29. Ka1 Ra2+ 30. Kb1 hxg6 31. Rh6 (31. Rdg1 {was worth a try.} Rfb2+ 32. Kc1
Rc2+ 33. Kb1 Rab2+ 34. Ka1) 31... Rfb2+ 32. Kc1 Rg2 33. Kb1 {[%emt 0:00:32][%cal Yh6g6]
Inhibits Ra1+.} Rab2+ 34. Ka1 Rxb3 35. Re1 Rg4 {[%emt 0:00:15] Weighted
Error Value: White=0.31/Black=0.05 (flawless)} 0-1

[Event "44th Chess Olympiad Open 2022"]
[Site "Chennai"]
[Date "2022.07.30"]
[Round "2.27"]
[White "Bjerre, Jonas Buhl"]
[Black "Bwalya, Gillan"]
[Result "1/2-1/2"]
[WhiteElo "2608"]
[BlackElo "2396"]
[Annotator "TA"]
[PlyCount "76"]
[EventDate "2022.??.??"]
[TimeControl "60"]

1. e4 e5 2. Nf3 Nc6 3. Bb5 Nf6 4. d3 d6 5. O-O Be7 6. c3 O-O 7. Re1 Bd7 8. Nbd2 Re8 {[%emt 0:04:29] C66: Ruy Lopez:
Steinitz Defence.} 9. Nf1 h6 10. Ng3 Bf8 {[%emt 0:03:09] White is slightly better.} 11. d4 Na5 12. Bd3 c5 {[%emt 0:10:20] [#]}
13. b4 $146 ({Predecessor:} 13. h3 g6 14. d5 c4 15. Bc2 b6 16.
Be3 Bg7 17. Qd2 Kh7 18. Kh1 Qc8 19. Rg1 {1-0 (63) Matvienko,V (1977)-Rizsonkov,
V (2233) Uzhgorod 2007}) 13... cxb4 14. cxb4 Nc6 15. b5 Nxd4 16. Nxd4 exd4 17. Bb2 Ng4 18. Bxd4 Qh4 19. h3 Ne5 20. Bf1 g6 21. Rc1 Be6 22. Rc7 Re7 23. Rc3 Bg7 24. Ra3 Rd7 25. Qd2 {[%emt 0:03:08] Strongly
threatening f4.} g5 {[%emt 0:04:03] Prevents f4.} (25... d5 $14 26. Qc3 Qg5)
26. Ba1 (26. Rxa7 $6 Rxa7 27. Bxa7 Bxh3 $14) ({Better is} 26.
Qd1) 26... d5 27. Nf5 Bxf5 28. exf5 d4 29. g3 Qh5 30. g4 Qh4 31. Re4 (31. Bxd4 $2 Rxd4 $1 32. Qe3 (32. Qxd4 $2 Nf3+ 33.
Rxf3 Bxd4 $19) 32... h5 $1 33. gxh5 (33. Qxd4 $2 Nf3+ 34. Rxf3 Bxd4 $19) (33.
f6 $2 Bxf6 34. gxh5 Rf4 $19) 33... Bf8 $19) 31... Rad8 32. Qd1 (32. Bxd4 $2 Rxd4 $1 33. Rxd4 Rxd4 $19) 32... b6 (32... h5 $1
$14) 33. Ra4 ({Not} 33. Bxd4 $2 Rxd4 $1 34. Rxd4 Rxd4 $19) (
33. Qa4 h5 $14) ({White should play} 33. Bg2 $16) 33... h5 $1 $11 34. Qe2 $2 {[%emt 0:05:26] This costs White the
game.} (34. Ra3 $11 {and White is okay.}) 34... hxg4 $19 35.
Rxe5 Bxe5 36. Qxe5 gxh3 {
[%emt 0:00:00] And now ...Rd5 would win.} 37. Ra3 {[%emt 0:01:16] [#] aiming
for Rg3.} Rd5 $1 38. Qg3 (38. Qe7 h2+ 39. Kh1
Qxf2 40. Qxg5+ Kf8 41. Qh6+ (41. Bc4 $2 Qg1+ 42. Qxg1 hxg1=Q+ 43. Kxg1 Rc5 $19)
41... Ke8 42. Bxd4 Qxf1+ 43. Kxh2) 38... d3 {[%emt 0:00:00] Weighted Error
Value: White=0.32/Black=0.17 (very precise) . An unexpected result.} ({
Stronger than} 38... Rxf5 39. Qxh4 gxh4 40. Rxh3 $11) 1/2-1/2

[Event "44th Chess Olympiad Open 2022"]
[Site "Chennai"]
[Date "2022.07.30"]
[Round "2.27"]
[White "Rasmussen, Allan Stig"]
[Black "Phiri, Richmond"]
[Result "1/2-1/2"]
[WhiteElo "2550"]
[BlackElo "2293"]
[Annotator "TA"]
[PlyCount "80"]
[EventDate "2022.??.??"]
[TimeControl "60"]

1. e4 c5 2. Nf3 e6 3. d4 cxd4 4. Nxd4 a6 5. Bd3 Nf6 6. O-O d6 7. c4 Be7 8. Nc3 O-O 9. Be3 b6 10. f4 Qc7 11. Rc1 Nbd7 ({Better is} 11... h6) 12. b4 {[%emt 0:05:34] 0x0.
0013b9de18c9dp-1022s more active pieces. The black rooks are badly placed. B42:
Sicilian: Kan Variation: 5 Bd3.} ({White should play} 12. g4 $1 $16) 12... Re8
{[%emt 0:14:18] [#]} (12... h6 $14) 13. g4 $1 $16 g6 (13... Nf8 $16 14. g5 N6d7) 14. g5 $18 {[%emt 0:02:
30] White is clearly better.} Nh5 {[%emt 0:17:02] [#]} 15. Be2 $1 {[%emt 0:15:
34] [#]} Bb7 $146 (15... Ne5 {might work better.} 16. fxe5
dxe5) ({Predecessor:} 15... Ng7 16. f5 exf5 17. Nd5 Qb7 18. exf5 Bf8 19. Bf3
Qb8 20. Nc6 Qb7 21. Nde7+ Kh8 22. fxg6 fxg6 {1-0 (29) Moiseev,V (2460)
-Waldmann,G Hartberg 1991}) 16. f5 (16. Bxh5 $142 gxh5 17.
Qxh5) 16... Bf8 17. Bxh5 gxh5 (17... exf5 {was called for.} 18. Bf3 fxe4) 18. Qxh5 (18. fxe6 fxe6 19. Qxh5 Ne5 $16) 18... Ne5 19. Rf4 Rac8 20. Rc2 {[%emt 0:19:58] Rh4 is the
strong threat.} Ng6 {[%emt 0:00:00] Inhibits Rh4.} 21. fxg6 hxg6 22. Qh3 Bg7 23. Rh4 (23. Rcf2 Re7 $16) 23... Qxc4 24. Nd5 Qxd4 (24... Bxd5 25. Rxc4 Bxc4) 25. Bxd4 ({Not} 25. Ne7+ Rxe7 26. Rxc8+ Bxc8 $16) 25... Bxd4+ 26. Kf1 {[%emt 0:00:29] Intending Nf6+ and mate.} exd5 27. Rxc8 (27. Qd7 $142 Rf8 28. Rxc8 (28. Qxb7 Rxc2 29. Qxd5
Be5 $11) 28... Bxc8 29. Qxd6) 27... Bxc8 {[%emt 0:00:37][%cal Yb7c8,Yc8f5,
Yf5d3] A strong pair of Bishops.} 28. Qd3 Be5 29. exd5 ({Resist} 29. Qxd5 Be6 30. Qb7 Bxa2 31. Qxa6 Be6 $18)
29... b5 30. Qd2 $2 (30. Qa3 $18) 30... Bf5
$14 31. Rf4 Bxf4 (31... Rc8
$1 $11 {keeps the balance.}) 32. Qxf4 $11 {[%emt 0:00:01] Endgame KQ-KRB} Re5 {
[%emt 0:00:00] Hoping for ...Bh3+.} 33. h4 (33. Qf3 $14) 33...
Rxd5 34. Qe3 Bd3+ 35. Kg1 {
[%emt 0:00:45] White has compensation.} Bc4 36. a3 Rd3 37. Qe8+ Kg7 38.
Qe7 Rxa3 39. Qxd6 Ra2 40. Qf6+ Kg8 {[%emt 0:00:00] Blacks defense
is rewarded with a draw. Weighted Error Value: White=0.51/Black=0.29 (precise)}
1/2-1/2

[Event "44th Chess Olympiad Open 2022"]
[Site "Chennai"]
[Date "2022.07.30"]
[Round "2.27"]
[White "Mwali, Chitumbo"]
[Black "Thybo, Jesper Sondergaard"]
[Result "1/2-1/2"]
[WhiteElo "2320"]
[BlackElo "2520"]
[Annotator "TA"]
[PlyCount "109"]
[EventDate "2022.??.??"]
[TimeControl "60"]

1. Nf3 c5 2. c4 Nc6 3. g3 g6 4. Bg2 Bg7 5. Nc3 e5 6. O-O Nge7 7. a3 O-O 8. b4 d5 9. cxd5 Nxd5 10.
Nxd5 {[%emt 0:01:30] A37: Symmetrical English vs ...g6:4 Bg2 Bg7 5 Nf3.} Qxd5 11. Bb2 (11. Ng5 {with more
complications.} Qd4 12. Rb1 cxb4 13. axb4 Bf5 14. d3) 11... e4 12. Bxg7 {[%emt 0:02:00] The position is equal.} Kxg7 13. Ne1 Bf5 14. d3 Rad8 15. Qb1 Rfe8 16. bxc5 Nd4 (16... Qxc5 17. dxe4 Bg4 18. Nd3 $14) 17.
e3 Nb3 {[%emt 0:04:29] [#]} 18. dxe4 $146 ({
Predecessor:} 18. Qb2+ Kg8 19. Rb1 Nxc5 20. d4 Na4 21. Qxb7 Qa2 22. Qb3 Qxb3
23. Rxb3 Be6 24. Rb4 {0-1 (49) Solomon,K (2348)-Avrukh,B (2645) Gibraltar 2009}
) 18... Bxe4 19. Bxe4 Rxe4 20. Ra2 Re6 21. Nf3 {
[%emt 0:01:55][%cal Ya2b2] Inhibits Nd2.} Rf6 (21... Rd7 $11)
22. Rb2 $1 $14 Qxf3 (22... Nxc5 $2 23. Rd2
Qxf3 24. Rxd8 $18) 23. Rxb3 Rd2 24. e4 ({White should try} 24. Rb2 $14 Rd7 25. Qc2) 24... Qe2
$11 25. Re3 Qc4 26. e5 Re6 27. Qxb7 Qxc5 28. Qb4 $36 {[%emt 0:00:29] White is more active.} Qd5 29. Rfe1 Rd4 30. Qb8 Qa5 31. Rc1 Rd8 32. Qc7 Qd2 33.
Qc3 (33. Qc2 {looks sharper.} Qd5 34. h4 Rd7 35. Qe4) 33...
Qxc3 34. Rcxc3 $14 {[%emt 0:00:05] Endgame KRR-KRR} Rd5 ({Better is} 34... Re7) 35. Rc7 $1 $16 {[%emt 0:00:16]
Strongly threatening Rf3.} Rdxe5 36. Rxe5 Rxe5 37. Rxa7 {[%emt 0:00:06] KR-KR} Re1+ 38.
Kg2 h5 39. h4 Ra1 (39... Kf6 $16 40. a4 Re2) 40. Kf3 Ra2 41. Ke3 Kf6 42. f3 (42.
Ra5 $18) 42... Kg7 43. Ra4 Kg8 44. Kf4 Kg7 45. Ra7 Kf6 46. Ra6+ Kg7 $1 47. a4 {
[%emt 0:00:00][%cal Ya3a4,Ya4a5] Black must now prevent a5.} Ra3 (47... f6 $1 $14) 48. Ra8 $1 $18 Ra1 49.
a5 Ra4+ 50. Ke5 Ra3 {
[%emt 0:04:35] [#]} 51. Ke4 ({Don't do} 51. a6 $6 Rxf3 52. Rc8
(52. a7 Ra3 $11) 52... Ra3 $16) 51... Ra4+ $2 {[%emt 0:00:20] [#]} (51... Kf6 {
is tougher.} 52. a6 Ke6) 52. Kd5 $1 Ra3 53.
Ke4 (53. a6 $18 Rxf3 54. Kc6 (54. a7 Ra3 $11)) 53... Ra4+ $1
$11 54. Kd5 $2 (54. Kd3 $11 Ra3+ 55. Ke2)
54... Ra3 $1 $18 55. Ke4 $2 {[%emt 0:02:45] Weighted Error
Value: White=0.25 (precise) /Black=0.23 (precise)} (55. a6 $18) 1/2-1/2

[Event "44th Chess Olympiad Open 2022"]
[Site "Chennai"]
[Date "2022.07.30"]
[Round "2.27"]
[White "Lungu, Nase"]
[Black "Haubro, Martin"]
[Result "1-0"]
[WhiteElo "2216"]
[BlackElo "2411"]
[Annotator "TA"]
[PlyCount "77"]
[EventDate "2022.??.??"]
[TimeControl "60"]

1. c4 e6 2. Nf3 d5 3. g3 dxc4 4. Qa4+ Nd7 5. Bg2 a6 6. Nc3 {[%emt 0:01:30] A13: English Opening: 1...e6.} Ngf6 7. O-O Be7 8. Ne5 {[%emt 0:04:03] The
position is equal.} O-O 9. Nxc4 {[%emt 0:05:14] [#]} c5 $146 ({Predecessor:} 9... b5 10. Qc2 bxc4 11. Bxa8 e5 12. Bg2 Nc5
13. Na4 Qd4 14. Nxc5 Qxc5 15. b3 Be6 {0-1 (42) Mikhailovsky,V (2167)
-Matviishen,V (2423) Chess.com INT 2018}) 10. Qb3 Rb8 $1 11. a4 $1 {[%emt 0:01:22] Against b5} b6 $1 12. d3 Bb7 13. Bxb7 Rxb7 14. Bf4 Qc8 15. Bd6 Qe8 16. Rfd1 Nd5 17.
d4 cxd4 18. Rxd4 Nc5 19. Qa3 Qc6 20. Nxd5 (20. Bxe7 {feels hotter.} Nxe7 21. Rad1 Nf5 22. Rd8) 20... exd5 21. Bxe7 Rxe7 22. Ne3 Re4 23. Rad1 Rfe8 24. a5 {[%emt 0:02:21] Qc3 is the strong threat.}
Rxd4 25. Rxd4 bxa5 26. Rxd5 Nb7 27. Qd3 g6 28. Qd4 h5 {[%emt 0:02:09] Inhibits Ng4.} 29. h3 Re6 {[%emt 0:00:51] [#]} 30. g4 $1 {[%emt 0:00:20] White is
more active.} hxg4 31. hxg4 $40 {[%emt 0:00:54] White is up
to no good.} (31. Nxg4 $16 {Strongly threatening Nh6+.} Qc1+ 32. Kg2) 31... Rd6 ({Black should try} 31... Qb6 $14) 32. g5 $16 Rxd5 $4 {[%emt 0:00:10] A mistake that costs the game.} (32...
Qc1+ $16 33. Kh2 Qc7) 33. Nxd5 {[%emt 0:01:25] Endgame White wants to mate
with Ne7+. KQN-KQN} (33. Qxd5 Qb5 $11) 33... Qc1+ (33... Qe6 {
is a better defense.} 34. e3 a4 35. Nf6+ Kf8 36. Qb4+ Qe7 37. Nh7+ (37. Qxa4
Nc5 $18) 37... Ke8) 34. Kh2 $18 {[%emt 0:00:04] [#] Black must now prevent Qh4.
} Qc5 (34... Qxg5 $2 35. Nf6+ Qxf6 36. Qxf6) (34... Qf1 $18
35. Qf4 (35. Qf6 Nd6 $18) 35... Nd6 36. Ne7+ (36. Qxd6 Qxf2+ 37. Kh3 Qf5+ 38.
Kg2 Qxg5+ 39. Kf3 Kg7 $18) 36... Kf8) 35. Nf6+ {[%emt 0:01:12] White mates.}
Kg7 36. Qh4 Qd6+ 37. f4 Kf8 38. Qh8+ Ke7 39. Qe8# {[%emt 0:00:07]
Weighted Error Value: White=0.07 (flawless) /Black=0.47} 1-0